 Dungeon Crawl Stone Soup version 0.28-a0-1506-g3893175d92 (webtiles) character file.

Game seed: 3410604676309043527

169 voltaire321 the Ducker (level 5, -2/40 HPs)
             Began as a Demonspawn Gladiator on Jan 14, 2022.
             Slain by Grinder (7 damage)
             ... on level 3 of the Dungeon.
             The game lasted 00:04:23 (2260 turns).

voltaire321 the Ducker (Demonspawn Gladiator)       Turns: 2260, Time: 00:04:23

Health: -2/40      AC:  4    Str: 17    XL:     5   Next: 25%
Magic:  5/5        EV:  8    Int:  9    God:
Gold:   50         SH: 11    Dex: 14    Spells: 4/4 levels left

rFire   . . .      SeeInvis .   a - +0 war axe
rCold   . . .      Faith    .   e - +0 tower shield
rNeg    . . .      Spirit   .   b - +0 leather armour
rPois   +          Reflect  .   c - +0 helmet
rElec   .          Harm     .   (no cloak)
rCorr   .          Rampage  .   (no gloves)
Will    .....                   (no boots)
Stlth   +.........              m - amulet of regeneration
HPRegen 0.93/turn               (no ring)
MPRegen 0.09/turn               (no ring)

@: flying
A: spiny 1, demonic touch 1, poison resistance, evolution 1
a: no special abilities


You were on level 3 of the Dungeon.
You visited 1 branch of the dungeon, and saw 3 of its levels.

You collected 50 gold pieces.

Inventory:

Hand Weapons
 a - a +0 war axe (weapon)
Missiles
 d - 3 throwing nets (quivered)
 k - 5 poisoned darts
Armour
 b - a +0 leather armour (worn)
 c - a +0 helmet (worn)
 e - a +0 tower shield (worn)
Jewellery
 m - an amulet of regeneration (around neck)
Scrolls
 f - a scroll of enchant weapon {unknown}
 g - a scroll of enchant armour {unknown}
 i - 2 scrolls of magic mapping {unknown}
 j - a scroll of holy word {unknown}
 q - 3 scrolls of identify {unknown}
Potions
 h - a potion of flight
 n - a potion of brilliance {unknown}
 o - a potion of curing {unknown}
 p - 2 potions of attraction {unknown}


   Skills:
 + Level 2.8 Fighting
 + Level 3.2 Axes
 + Level 2.5 Throwing
 + Level 1.6 Armour
 + Level 3.3 Dodging
 + Level 1.4 Shields


You had 4 spell levels left.
You didn't know any spells.
Your spell library was empty.

Dungeon Overview and Level Annotations

Branches:
Dungeon (3/15)

Altars:

Annotations:
D:3 Grinder


Innate Abilities, Weirdness & Mutations

You are partially covered in sharp spines.
Your touch may inflict minor irresistible damage on your foes.
Your system is resistant to poisons. (rPois)
You have hidden genetic potential.


Message History

You closely miss Grinder. You block Grinder's attack.
Grinder barely misses you.
You barely miss Grinder.
Grinder says, "Wait up."
You block Grinder's attack. Grinder gestures at you.
You resist with significant effort.
You hit Grinder.
Grinder is lightly wounded.
Grinder hits you.
You writhe in agony.
You closely miss Grinder.
Grinder is lightly wounded.
Grinder is struck by your spines. Grinder hits you.
You writhe in agony.
Grinder gestures at you. You resist with significant effort.
You hit Grinder.
Grinder is moderately wounded.
You block Grinder's attack. x2
You hit Grinder.
Grinder is moderately wounded.
You block Grinder's attack. x2
You hit Grinder.
Grinder is heavily wounded.
Grinder gestures at you. You resist with significant effort.
You closely miss Grinder.
Grinder is heavily wounded.
Grinder gestures at you.
You barely resist. Grinder is struck by your spines. Grinder hits you.
You writhe in agony.
You hit Grinder.
Grinder is heavily wounded.
Grinder barely misses you. Grinder hits you!
You writhe in agony.
You slash Grinder!
Grinder is severely wounded.
Grinder gestures at you. Pain shoots through your body!
* * * LOW HITPOINT WARNING * * *
Grinder hits you!
You die...

##.......... #.#
...(######## #.#
#.# ##..# #.# #.#
##..# #.# #.#
##..##### #.# .#
##......########.##
###...............
#####.########5#
#.########@#
#..........#
############


You could see Grinder.

Vanquished Creatures
  6 adders
  3 gnolls (D:3)
  3 worms
  3 dart slugs
  An orc (D:3)
  4 endoplasms
  5 giant cockroaches
  12 goblins
  4 hobgoblins
  7 kobolds
  2 quokkas
  4 ball pythons
  6 bats
  7 frilled lizards
  7 rats
74 creatures vanquished.

Vanquished Creatures (others)
  3 fungi (D:2)
  3 plants (D:2)
6 creatures vanquished.

Grand Total: 80 creatures vanquished

Notes
Turn   | Place    | Note
-------+----------+-------------------------------------------
     0 | D:1      | voltaire321 the Demonspawn Gladiator began the quest for
                  | the Orb.
     0 | D:1      | Reached XP level 1. HP: 16/16 MP: 1/1
   307 | D:1      | Gained mutation: Your touch may inflict minor irresistible
                  | damage on your foes. [demonic ancestry]
   307 | D:1      | Reached XP level 2. HP: 21/22 MP: 2/2
   820 | D:1      | Gained mutation: You are partially covered in sharp spines.
                  | [demonic ancestry]
   820 | D:1      | Reached XP level 3. HP: 27/27 MP: 3/3
  1523 | D:2      | Reached skill level 1 in Armour
  1645 | D:2      | Reached XP level 4. HP: 34/34 MP: 4/4
  1691 | D:2      | Found a faded altar of an unknown god.
  1728 | D:2      | Reached skill level 1 in Shields
  2074 | D:3      | Reached XP level 5. HP: 31/40 MP: 5/5
  2243 | D:3      | Noticed Grinder
  2246 | D:3      | Gained mutation: Your system is resistant to poisons.
                  | (rPois) [potion of mutation]
  2246 | D:3      | Gained mutation: You have hidden genetic potential. [potion
                  | of mutation]
  2260 | D:3      | Slain by Grinder

Illustrated notes

Levels and vault maps discovered:
D:1:      psy_arrival_conway, layout_basic
D:2:      layout_rooms, dreamdust_ecumenical_altar_grove
D:3:      layout_loops_ring, uniq_grinder

Skill      XL: |  1  2  3  4 |
---------------+-------------+-----
Throwing       | 2 |  2.5
Dodging        | 3 |  3.3
Axes           | 3 |  3.2
Armour         | 1 |  1.6
Shields        | 1 |  1.4
Fighting       | |  2.8

Action                   |  1- 3 |  4- 6 || total
-------------------------+-------+-------++-------
Melee: War axe           |    99 |    62 ||   161
  Use: Potion            |       |     2 ||     2
 Stab: Sleeping          |     1 |     1 ||     2
Armor: Leather armour    |    38 |    16 ||    54
Dodge: Dodged            |    39 |    19 ||    58
Block: Tower shield      |    62 |    43 ||   105

Table legend: (Time is in decaauts)
 A = Elapsed time spent in this place.
 B = Non-inter-level travel time spent in this place.
 C = Inter-level travel time spent in this place.
 D = Time resting spent in this place.
 E = Time spent auto-exploring this place.
 F = Levels seen in this place.
 G = Mean time per level.
                   A        B        C        D        E       F      G
               +--------+--------+--------+--------+--------+-----+--------+
         Total |   2384 |   2299 |     85 |    432 |   1318 |   3 |  794.7 |
       Dungeon |   2384 |   2299 |     85 |    432 |   1318 |   3 |  794.7 |
               +--------+--------+--------+--------+--------+-----+--------+

Top non-repeatable levels by time:
     D:1: 1244 daAuts
     D:2: 682 daAuts
     D:3: 458 daAuts
